 Dungeon Crawl Stone Soup version 0.23.1 (webtiles) character file.

Game seed: 5899230017496876119

469 Kurtz the Cudgeler (level 6, -6/47 HPs)
             Began as a Mummy Chaos Knight on Mar 1, 2019.
             Was a Plaything of Xom.
             Killed by divine providence
             ... invoked by an orc priest
              (16 damage)
             ... on level 5 of the Dungeon.
             The game lasted 00:02:34 (2738 turns).

Kurtz the Cudgeler (Mummy Chaos Knight)             Turns: 2738, Time: 00:02:34

Health: -6/47      AC:  8    Str: 16    XL:     6   Next: 82%
Magic:  6/6        EV:  9    Int: 11    God:    Xom [....*.]
Gold:   179        SH:  0    Dex: 13    Spells: 5/5 levels left

rFire    x . .     SeeInvis +   g - +0 morningstar
rCold    + . .     Gourm    .   (no shield)
rNeg     + + +     Faith    .   o - +0 scale mail
rPois    ∞         Spirit   .   e - +1 helmet {SInv}
rElec    .         Reflect  .   (no cloak)
rCorr    .         Harm     .   (no gloves)
MR       .....                  (no boots)
Stlth    ..........             (no amulet)
HPRegen  0.15/turn              (no ring)
MPRegen  0.10/turn              (no ring)

@: no status effects
A: no food or potions, fire vulnerability, cold resistance 1, negative energy
resistance 3, torment resistance, unbreathing
a: Renounce Religion


You were on level 5 of the Dungeon.
You worshipped Xom.
You were a beloved toy of Xom.
You were not hungry.

You visited 1 branch of the dungeon, and saw 5 of its levels.

You collected 179 gold pieces.

Inventory:

Hand Weapons
 a - a +0 mace of chaos
 c - a +0 morningstar
 g - a +0 morningstar (weapon)
 j - a +0 blowgun
Missiles
 d - 10 tomahawks (quivered)
 i - 24 poisoned needles
Armour
 b - a +2 leather armour
 e - a +1 helmet of see invisible (worn)
 o - a +0 scale mail (worn)
Scrolls
 f - 2 scrolls of remove curse {unknown}
 h - a scroll of immolation {unknown}
 k - a scroll of enchant weapon {unknown}
 l - a scroll of noise {unknown}
 m - a scroll of enchant armour {unknown}
 n - 2 scrolls of identify {unknown}


   Skills:
 - Level 3.0 Fighting
 * Level 6.5 Maces & Flails
 - Level 1.5 Armour
 - Level 0.7 Dodging


You had 5 spell levels left.
You didn't know any spells.
Your spell library contained the following spells:

 Spells                   Type           Power        Failure   Level  Hunger
 Corona                   Hex            #......      78%         1    N/A
 Ensorcelled Hibernation  Hex/Ice        #.....       89%         2    N/A
 Confuse                  Hex            #.......     98%         3    N/A
 Dazzling Spray           Conj/Hex       #.....       98%         3    N/A
 Tukima's Dance           Hex            #.......     98%         3    N/A

Dungeon Overview and Level Annotations

Branches:
Dungeon (5/15)             Temple (0/1) D:4

Altars:
Nemelex Xobeh
Sif Muna
Uskayaw
Wu Jian
Xom

Shops:
D:5 %

Annotations:
D:3 1 runed translucent door, ashizen's ghost, weakling GnTm


Innate Abilities, Weirdness & Mutations

You do not eat or drink.
Your flesh is vulnerable to fire.
You are immune to poison.
Your flesh is cold resistant. (rC+)
You are immune to negative energy. (rN+++)
You are immune to unholy pain and torment.
You can survive without breathing.


Message History

An orc comes into view. It is wielding a +0 mace.
Your scale mail prevents you from hitting the orc.
The orc is lightly wounded.
The orc hits you but does no damage. x2
You hit the orc.
You kill the orc!
The orc priest mumbles some strange prayers to Beogh against you.
Beogh smites you!
* * * LOW HITPOINT WARNING * * *
You hit the orc priest.
The orc priest is moderately wounded.
The orc completely misses you.
The orc priest looks encouraged for a moment.
Unknown command.
You closely miss the orc priest.
The orc priest is moderately wounded.
The orc hits you but does no damage.
The orc priest invokes the aid of Beogh against you.
Beogh smites you!
You die...

. ##..###....#.# ..o
#...#...# #.. ≈...♣
###.#.....# ###
≈≈....####......##.######
≈o.............##...##...
≈≈.....#).##.###.....##..
≈.....##)##..##.......#..
....#[ #o##.#....._......
... # #@##.#.#.......###
## #..o.##.#.##.....##
#.#####.#..##...##### ..
## #. ##.##.... #..
#.###..# #. ###.##..## .
#.#.##.## #.#....#
###....###


You could see an orc priest and an orc.

Vanquished Creatures
  A sky beast (D:5)
  A scorpion (D:5)
  A jelly (D:5)
  An orc wizard (D:4)
  A centaur skeleton (D:4)
  An orc priest (D:4)
  Natasha (twice) (D:4)
  2 worker ants (D:4)
  Robin (D:4)
  2 adders (D:4)
  A shadow imp (D:5)
  An ooze (D:4)
  2 worms (D:3)
  2 dart slugs
  A leopard gecko (D:3)
  12 orcs
  2 giant cockroaches (D:3)
  9 goblins
  7 hobgoblins
  3 kobolds
  3 quokkas
  3 bats
  A frilled lizard (D:3)
  A rat (D:3)
61 creatures vanquished.

Notes
Turn   | Place    | Note
-------+----------+-------------------------------------------
     0 | D:1      | Kurtz the Mummy Chaos Knight began the quest for the Orb.
     0 | D:1      | Reached XP level 1. HP: 18/18 MP: 1/1
    53 | D:1      | XOM: potion effect (heal wounds)
   131 | D:3      | Reached skill level 3 in Maces & Flails
   131 | D:3      | Reached XP level 2. HP: 24/24 MP: 2/2
   160 | D:3      | Found a runed translucent door.
   163 | D:3      | Noticed ashizen's ghost (weakling GnTm)
   326 | D:3      | Found an ornate altar of the Wu Jian Council.
   413 | D:3      | Reached XP level 3. HP: 28/29 MP: 3/3
   610 | D:3      | XOM is BORED!
   610 | D:3      | XOM: severe Tloc miscast
   671 | D:3      | XOM: harmless Erth miscast
   733 | D:4      | XOM: stealth player
   783 | D:4      | Noticed Natasha
   789 | D:4      | Killed Natasha
   789 | D:4      | Reached skill level 4 in Maces & Flails
   789 | D:4      | Reached XP level 4. HP: 20/35 MP: 4/4
   812 | D:4      | XOM: 1-stop teleportation journey
   850 | D:4      | XOM: stat loss: -1 Int (10/11)
  1082 | D:4      | Reached XP level 5. HP: 27/41 MP: 5/5
  1086 | D:4      | Reached skill level 5 in Maces & Flails
  1283 | D:4      | XOM: 1-stop teleportation journey
  1316 | D:4      | Found a staircase to the Ecumenical Temple.
  1317 | D:4      | XOM: summons 4 hostile shadow creatures
  1335 | D:5      | Entered Level 5 of the Dungeon
  1363 | D:5      | Noticed a sky beast
  1377 | D:5      | XOM: medium Fire miscast
  1393 | D:5      | XOM: harmless Fire miscast
  1396 | D:5      | XOM: enchant monster (bad)
  1414 | D:5      | Killed a sky beast
  1414 | D:5      | Reached XP level 6. HP: 15/47 MP: 6/6
  1703 | D:4      | Found a hide-covered altar of Uskayaw.
  1914 | D:4      | Noticed Robin
  1930 | D:4      | XOM: blink monster(s)
  2014 | D:4      | XOM: harmless Hex miscast
  2155 | D:4      | Found a sparkling altar of Nemelex Xobeh.
  2211 | D:4      | Noticed Natasha
  2215 | D:4      | XOM: confuse monster(s)
  2216 | D:4      | Killed Natasha
  2216 | D:4      | Reached skill level 6 in Maces & Flails
  2273 | D:4      | Killed Robin
  2416 | D:4      | XOM: scenery: create altars
  2539 | D:5      | XOM: scenery: create altars
  2640 | D:5      | Found a deep blue altar of Sif Muna.
  2679 | D:5      | Found Vunwu's Food Boutique.
  2738 | D:5      | Killed from afar by an orc priest

Skill      XL: |  1  2  3  4  5  6 |
---------------+-------------------+-----
Maces & Flails | 3 4 5 6 |  6.5
Fighting       | |  3.0
Armour         | |  1.5
Dodging        | |  0.7

Action                   |  1- 3 |  4- 6 || total
-------------------------+-------+-------++-------
Melee: Mace              |    43 |       ||    43
       Morningstar       |    20 |   113 ||   133
 Stab: Sleeping          |       |     1 ||     1
Armor: Leather armour    |    14 |    37 ||    51
       Scale mail        |       |    10 ||    10
Dodge: Dodged            |    35 |    53 ||    88
